[Event "Late-Titled-Tuesday-Blitz-March-19-2024"]
[Site "Chess.com"]
[Date "2024.03.19"]
[Round "7"]
[White "jaskol95"]
[Black "ChempionBg"]
[Result "1-0"]
[WhiteElo "2503"]
[BlackElo "2340"]
[TimeControl "180+1"]
[EndTime "15:16:11 PDT"]
[Termination "jaskol95 won on time"]

1. d4 Nf6 2. Nc3 d5 3. Bf4 c6 4. Nf3 Bf5 5. e3 e6 6. Ne5 Nbd7 7. g4 Bg6 8. h4 Nxe5 9. dxe5 Ne4 10. Nxe4 Bxe4 11.
f3 Qa5+ 12. Kf2 g5 13. Bxg5 Bg6 14. h5 h6 15. hxg6 fxg6 16. Bd3 Kf7 17. Bf6 Bg7 18.
Bxg7 Kxg7 19. c3 Qb6 20. Qc2 g5 21. Rh3 Raf8 22. Rah1 c5 23. c4 d4 24. exd4 cxd4 25. c5 Qc7 26. Qe2 Qxc5 27. Qe4 Rf7 28. Rxh6 Rxh6 29. Rxh6 Qb4 30. Rh7+ Kf8 31. Rxf7+ Kxf7 32. Qg6+ Kf8 33. Qf6+ Ke8 34. Qxe6+ Kd8 35. Qd6+ Qxd6 36. exd6 Kd7 37. Be4 b6 38. Ke2 Kxd6 39. Kd3 Ke5 40. a3 1-0

[Event "Late-Titled-Tuesday-Blitz-March-19-2024"]
[Site "Chess.com"]
[Date "2024.03.19"]
[Round "7"]
[White "ilushka"]
[Black "Rawnsdale"]
[Result "0-1"]
[WhiteElo "2395"]
[BlackElo "2533"]
[TimeControl "180+1"]
[EndTime "15:16:14 PDT"]
[Termination "Rawnsdale won on time"]

1. Nf3 d5 2. g3 e6 3. Bg2 Be7 4. d4 Nf6 5. c4 O-O 6. Qc2 Nbd7 7.
Bf4 c6 8. O-O b6 9. Nc3 Bb7 10.
e4 dxc4 11. a4 Rc8 12. Rfd1 Bb4 13. Nd2 c5 14. d5 Bxc3 15. bxc3 exd5 16. exd5 Bxd5 17.
Bg5 Bxg2 18. Kxg2 Qc7 19. Nxc4 h6 20. Bf4 Qc6+ 21. Kg1 Nd5 22. Bd6 Rfd8 23. Qd3 N7f6 24. Be5 Ng4 25. Qf3 Qe6 26. Bd6 Ndf6 27. Bf4 Qxc4 28. Rxd8+ Rxd8 29. h3 g5 30. Bc7 Rd3 31. Qf5 Qxc3 32. Rf1 Rf3 33. Qc8+ Kg7 34. hxg4 Qd4 35.
Qb8 Nd7 36. Qd8 Qxg4 37. Qa8 Nf6 38. Be5 h5 0-1

[Event "Late-Titled-Tuesday-Blitz-March-19-2024"]
[Site "Chess.com"]
[Date "2024.03.19"]
[Round "7"]
[White "Vaathi_Coming"]
[Black "Vladimir_Zakhartsov"]
[Result "0-1"]
[WhiteElo "2887"]
[BlackElo "3001"]
[TimeControl "180+1"]
[EndTime "15:16:15 PDT"]
[Termination "Vladimir_Zakhartsov won on time"]

1. g3 d5 2. Bg2 e5 3. d3 Nf6 4. Nf3 Bd6 5. O-O c6 6. c3 O-O 7. Qc2 a5 8. a4 Na6 9. e4 Re8 10. Na3 h6 11. Re1 dxe4 12. dxe4 Be6 13. Bf1 Bg4 14. Nh4 Nc5 15. Nc4 Bc7 16. f3 Be6 17.
Be3 Qe7 18. Nf5 Bxf5 19. exf5 Nd5 20. Bf2 Nd7 21. Rad1 N7f6 22. Qb3 Bb8 23. Bg2 Qc7 24. Nb6 Nxb6 25. Bxb6 Ba7 26. Bxa7 Rxa7 27. Rd2 Raa8 28. Red1 Re7 29. c4 Rae8 30. c5 Nd5 31. Rd3 Qc8 32. g4 Nf6 33. Rd6 Nd5 34. Qd3 f6 35. Qe4 Kh7 36. Bf1 Qa8 37. Bc4 Qa7 0-1

[Event "Late-Titled-Tuesday-Blitz-March-19-2024"]
[Site "Chess.com"]
[Date "2024.03.19"]
[Round "7"]
[White "dolynachess"]
[Black "BilicVladimir"]
[Result "1-0"]
[WhiteElo "2525"]
[BlackElo "2663"]
[TimeControl "180+1"]
[EndTime "15:16:15 PDT"]
[Termination "dolynachess won by checkmate"]

1. d4 d5 2. c4 c6 3. Nf3 Nf6 4. g3 a6 5. Bg2 b5 6. O-O dxc4 7. Nc3 e6 8. e4 Bb7 9. e5 Nd5 10. Ng5 Nxc3 11. bxc3 Be7 12. Qh5 Bxg5 13. Bxg5 Qc7 14.
a4 Nd7 15. Rfb1 Nb6 16. Bc1 Nxa4 17. Rxa4 bxa4 18. Ba3 Rd8 19. Qg5 Rg8 20. Bc5 Rd5 21. Rb6 Rxc5 22. dxc5 g6 23. Qf4 Kf8 24. Qh6+ Ke7 25.
Qh4+ Kf8 26. Qxh7 a3 27. Qh6+ Ke7 28. Qg5+ Kf8 29. Qc1 Kg7 30. Qxa3 Rd8 31. h4 Rd1+ 32. Kh2 Rd2 33. Qb4 Rd7 34. f4 a5 35. Qxa5 Rd2 36. Qa7 Qd8 37. Rxb7 Rxg2+ 38. Kxg2 Qd5+ 39. Kh2 Qd2+ 40. Kh3 g5 41. Rxf7+ Kg6 42. Rf6+ Kh5 43. Qf7# 1-0

[Event "Late-Titled-Tuesday-Blitz-March-19-2024"]
[Site "Chess.com"]
[Date "2024.03.19"]
[Round "7"]
[White "Willhaven3"]
[Black "AndresDelgado77"]
[Result "1-0"]
[WhiteElo "2498"]
[BlackElo "2340"]
[TimeControl "180+1"]
[EndTime "15:16:15 PDT"]
[Termination "Willhaven3 won on time"]

1. e4 e6 2. d4 d5 3. Nc3 Nf6 4. Bg5 Bb4 5. e5 h6 6. Bd2 Bxc3 7. bxc3 Ne4 8. Qg4 Kf8 9. Bd3 Nxd2 10. Kxd2 c5 11.
dxc5 Qc7 12. Nf3 Qxc5 13. h4 Qxf2+ 14. Be2 Nc6 15. Rhf1 Qc5 16. Bd3 Bd7 17. Qf4 Be8 18.
g4 Rc8 19. g5 Ne7 20. g6 Qxc3+ 21. Ke2 Nf5 22. gxf7 Bxf7 23. Bxf5 exf5 24. Nd4 g6 25. e6 Rc4 26. Rad1 Rxd4 27. Rxd4 Bxe6 28. Qe5 Qxc2+ 29. Kf3 Qc3+ 30. Kg2 Rh7 31. Rfd1 Qc6 32. Qf6+ Rf7 33. Qh8+ Ke7 34. Qxh6 Qc2+ 35. Kh1 f4 36. Qg5+ Ke8 37. Qe5 Re7 38. Qh8+ Kf7 39. Qh7+ Kf6 40. Qh8+ 1-0

[Event "Late-Titled-Tuesday-Blitz-March-19-2024"]
[Site "Chess.com"]
[Date "2024.03.19"]
[Round "7"]
[White "carloseduar100"]
[Black "Payyappat"]
[Result "0-1"]
[WhiteElo "2251"]
[BlackElo "2509"]
[TimeControl "180+1"]
[EndTime "15:16:17 PDT"]
[Termination "Payyappat won by resignation"]

1. g3 Nf6 2. Bg2 c5 3. Nf3 Nc6 4. O-O g6 5. d3 Bg7 6. Nbd2 O-O 7. Re1 d5 8. c3 e5 9. e4 Bg4 10. a3 Qd7 11. b4 d4 12. Qc2 dxc3 13. Qxc3 cxb4 14.
axb4 Rac8 15. Bb2 Rfe8 16. h3 Bxh3 17. b5 Bxg2 18. Kxg2 Nd4 19. Nxe5 Rxe5 20. Qxd4 Rxb5 21. Qxd7 Nxd7 22. Bxg7 Kxg7 23. Rxa7 Rc2 24. Nc4 Nc5 25. Re3 Rb3 26. d4 Rxc4 27. dxc5 Rxe3 28. fxe3 Rxe4 29. Rxb7 Rxe3 30. c6 Rc3 31. Rc7 h5 32. Kf2 g5 33.
Kg2 Kg6 34. Rc8 Kf5 35. c7 Kg4 36. Kf2 f6 37. Ke2 Kxg3 38. Kd2 Rc6 39. Kd3 h4 40. Kd4 h3 41. Kd5 Rc1 42. Kd6 g4 43. Rh8 Kg2 44.
c8=Q Rxc8 45. Rxc8 h2 46. Rc2+ Kh3 47. Rc1 g3 48. Ke6 g2 49. Rc3+ Kg4 50. Rc4+ Kf3 51. Kf5 h1=Q 52. Rf4+ Ke3 53. Re4+ Kd3 0-1

[Event "Late-Titled-Tuesday-Blitz-March-19-2024"]
[Site "Chess.com"]
[Date "2024.03.19"]
[Round "7"]
[White "rcmz"]
[Black "Szachulec75"]
[Result "1-0"]
[WhiteElo "2224"]
[BlackElo "2173"]
[TimeControl "180+1"]
[EndTime "15:16:19 PDT"]
[Termination "rcmz won on time"]

1. b4 d5 2. Bb2 f6 3. a3 e5 4. e3 Nh6 5. c4 c6 6. cxd5 cxd5 7.
Nc3 Be7 8. Qh5+ Nf7 9. Bd3 g6 10.
Qd1 Be6 11. Bb5+ Nd7 12. Nf3 O-O 13. h4 a6 14. Be2 Nb6 15. d3 Rc8 16. O-O h5 17.
Nd2 f5 18. f4 d4 19. exd4 Qxd4+ 20. Kh1 exf4 21. Na4 Qd6 22. Nxb6 Qxb6 23. Bxh5 Bd5 24.
Bf3 Rcd8 25. Bxd5 Rxd5 26. Qf3 Qd8 27. Qxf4 Bd6 28. Qc4 Bb8 29. Nf3 b5 30. Qc6 Rxd3 31.
Qf6 Qxf6 32. Bxf6 Rc8 33. Rfe1 Bd6 34. Rad1 Rxd1 35. Rxd1 Bf8 36. g3 Rc3 37. Kg2 Rxa3 38. Rd7 Nh6 39. Ng5 Ng4 40. Be7 Ra2+ 41. Kf1 Rf2+ 42. Ke1 Bg7 43. Rd8+ 1-0

[Event "Late-Titled-Tuesday-Blitz-March-19-2024"]
[Site "Chess.com"]
[Date "2024.03.19"]
[Round "7"]
[White "MalyDominator"]
[Black "ProfessorChess101"]
[Result "1-0"]
[WhiteElo "2537"]
[BlackElo "2769"]
[TimeControl "180+1"]
[EndTime "15:16:20 PDT"]
[Termination "MalyDominator won by checkmate"]

1. e4 c5 2. Nf3 e6 3. d4 cxd4 4. Nxd4 Nc6 5. Nc3 Qc7 6. Be2 Nf6 7. Be3 Bb4 8. O-O O-O 9. Na4 Nxe4 10. c4 Be7 11.
Nb5 Qb8 12. Bd3 Nf6 13. f4 d5 14. Qf3 a6 15. Nd4 Nxd4 16. Bxd4 b5 17. cxb5 axb5 18.
Nc5 h6 19. b4 Bb7 20. g4 Ne4 21. Nd7 Qd8 22. Nxf8 Qxf8 23. Qe2 Bxb4 24. f5 Bc5 25. Qe3 Bxd4 26. Qxd4 Ra4 27. Qb6 Nc5 28. Be2 e5 29.
Rfc1 Rc4 30. Bxc4 bxc4 31. Rab1 Bc8 32. Rb5 Nd3 33. Rxd5 Kh7 34. Rxc4 Nf4 35. Rd8 Qa3 36.
Rcxc8 Nh3+ 37. Kg2 Nf4+ 38. Kf2 Nh3+ 39. Ke1 g6 40.
Rh8+ Kg7 41. f6# 1-0

[Event "Late-Titled-Tuesday-Blitz-March-19-2024"]
[Site "Chess.com"]
[Date "2024.03.19"]
[Round "7"]
[White "Jagerrmeisterr"]
[Black "Bilan_Danila"]
[Result "0-1"]
[WhiteElo "2749"]
[BlackElo "2656"]
[TimeControl "180+1"]
[EndTime "15:16:21 PDT"]
[Termination "Bilan_Danila won by checkmate"]

1. e4 e5 2. Nc3 Nf6 3. Nf3 Bb4 4.
Nxe5 Qe7 5. Nd3 Bxc3 6. dxc3 Nxe4 7. Be3 d5 8. Nf4 c6 9. Qd4 O-O 10. O-O-O Be6 11. c4 Nf6 12. Nxe6 fxe6 13. Qh4 Nbd7 14. Be2 Ne5 15. Rhe1 Ng6 16. Qh3 e5 17. Bg5 Rad8 18.
cxd5 cxd5 19. Bg4 Rd6 20. Bf5 d4 21. f4 e4 22. Bxe4 Qf7 23. Bxg6 hxg6 24. Qb3 Nd5 25. Re5 Nxf4 26. Qxf7+ Rxf7 27. g3 Ne6 28. Bd2 Rf5 29.
Rde1 Kf7 30. Kd1 Kf6 31. R5e4 d3 32. c4 Nc5 33. Bc3+ Kg5 34. Re7 Rf2 35. h4+ Kg4 36. R7e5 d2 37. Rg1 Na4 38. Rg5+ Kf3 39. Be5 Rd3 40.
b3 Nc3+ 41. Kc2 d1=Q# 0-1

[Event "Late-Titled-Tuesday-Blitz-March-19-2024"]
[Site "Chess.com"]
[Date "2024.03.19"]
[Round "7"]
[White "GMAneta"]
[Black "HandKnit"]
[Result "0-1"]
[WhiteElo "2601"]
[BlackElo "2503"]
[TimeControl "180+1"]
[EndTime "15:16:21 PDT"]
[Termination "HandKnit won by resignation"]

1. Nf3 Nf6 2. c4 e6 3. Nc3 c5 4. g3 b6 5. Bg2 Bb7 6. O-O Be7 7. d4 cxd4 8. Qxd4 Nc6 9. Qf4 Qb8 10. Rd1 O-O 11.
Nb5 a6 12. Qxb8 Raxb8 13. Nd6 Ba8 14. Bf4 Nh5 15. Be3 Rfd8 16. Ng5 f6 17. Nge4 g5 18.
Rd2 Ng7 19. Rad1 Ne5 20. h3 Bxe4 21. Bxe4 Bxd6 22. Rxd6 Nxc4 23. Rxd7 Rxd7 24. Rxd7 Nxe3 25. fxe3 f5 26. Bd3 a5 27. a4 Rc8 28. b3 Rc6 29. Bb5 Rc3 30. Kf2 Rxb3 31. Rb7 Nh5 32. Rxb6 Nf6 33.
Rxe6 Kg7 34. Re7+ Kg6 35. Bd3 Rb4 36. g4 Ne4+ 37. Kg2 Kf6 38. Re8 Nd6 39. Rd8 Ke7 40. Rh8 fxg4 41. Rxh7+ Kf6 42. Rh6+ Ke5 43. Bc2 gxh3+ 44.
Kxh3 Rc4 45. Bb3 Rb4 46. Bc2 Rc4 47. Bd1 Rc1 48. Bb3 Rh1+ 0-1

[Event "Late-Titled-Tuesday-Blitz-March-19-2024"]
[Site "Chess.com"]
[Date "2024.03.19"]
[Round "7"]
[White "Fore_Man"]
[Black "shirovin"]
[Result "1-0"]
[WhiteElo "2284"]
[BlackElo "2040"]
[TimeControl "180+1"]
[EndTime "15:16:22 PDT"]
[Termination "Fore_Man won on time"]

1. Nf3 Nf6 2. d4 e6 3. c4 d5 4.
Nc3 Bb4 5. Qa4+ Nc6 6. e3 O-O 7. Bd2 a6 8. Qc2 dxc4 9. Bxc4 Bd6 10. O-O e5 11. Rfe1 Bg4 12. dxe5 Nxe5 13. Nxe5 Bxe5 14.
f3 Bd7 15. Rad1 Qe7 16. Ne4 Bf5 17. Nxf6+ Qxf6 18. e4 Qh4 19. f4 Bd4+ 20. Kh1 Bg4 21. Be2 Rad8 22. Bxg4 Bf2 23. Rf1 Rd6 24. Bh3 Rfd8 25.
Bc3 Rxd1 26. Rxd1 Rxd1+ 27. Qxd1 h6 28. Qg4 Qd8 29. Qc8 Qxc8 30. Bxc8 b5 31. Bxa6 Be3 32. Bxb5 Bxf4 33. a4 Kf8 34. Bc6 Ke7 35. a5 Kd6 36. a6 Kxc6 37. Bxg7 Kb6 38. g3 Bd6 39. Bxh6 Be7 40. Be3+ Kxa6 41. Bd4 Kb5 42. h4 Kc4 43. Bc3 Kd3 44. h5 Kxe4 45. h6 1-0

[Event "Late-Titled-Tuesday-Blitz-March-19-2024"]
[Site "Chess.com"]
[Date "2024.03.19"]
[Round "7"]
[White "Goryachkina"]
[Black "VD_coach"]
[Result "1/2-1/2"]
[WhiteElo "2654"]
[BlackElo "2518"]
[TimeControl "180+1"]
[EndTime "15:16:24 PDT"]
[Termination "Game drawn by repetition"]

1. e4 c5 2. Nf3 d6 3. d4 cxd4 4. Nxd4 Nf6 5. Nc3 g6 6. Be2 Bg7 7. O-O O-O 8. Be3 Nc6 9. f3 Bd7 10. Qd2 Rc8 11. Rfd1 Ne5 12. Kh1 Re8 13. Nd5 Nxd5 14. exd5 Nc4 15. Bxc4 Rxc4 16. b3 Rc8 17. c4 a6 18. a4 e5 19. dxe6 Bxe6 20. Nxe6 Rxe6 21.
Bd4 Bxd4 22. Qxd4 Qe7 23. h3 Rc5 24. Rd2 Rce5 25. Rad1 h5 26. Kh2 Qf6 27. b4 h4 28.
c5 dxc5 29. bxc5 Qg5 30. Qd8+ Qxd8 31. Rxd8+ Kg7 32. R8d7 Rxc5 33. Rxb7 Re2 34. Rdd7 Rg5 35. Rxf7+ Kg8 36. Kg1 Rgxg2+ 37. Kf1 Rgf2+ 38. Kg1 Rg2+ 39. Kf1 Ref2+ 40. Ke1 Ra2 41. Kf1 Rgc2 42. Rg7+ Kf8 43. Rbf7+ Ke8 44. Re7+ Kf8 45. Rgf7+ Kg8 46. Rg7+ Kf8 47.
Rgf7+ Kg8 48. Rg7+ Kf8 1/2-1/2

[Event "Late-Titled-Tuesday-Blitz-March-19-2024"]
[Site "Chess.com"]
[Date "2024.03.19"]
[Round "7"]
[White "dennisodessa"]
[Black "Adar_07"]
[Result "0-1"]
[WhiteElo "2525"]
[BlackElo "2826"]
[TimeControl "180+1"]
[EndTime "15:16:25 PDT"]
[Termination "Adar_07 won by resignation"]

1. d4 Nf6 2. c4 c5 3. d5 e6 4. Nc3 exd5 5. cxd5 g6 6. e4 Bg7 7.
Nf3 O-O 8. Bd3 d6 9. h3 b5 10.
Bxb5 Nxe4 11. Nxe4 Qa5+ 12. Nfd2 Qxb5 13. Nxd6 Qd3 14. N2c4 Qxd1+ 15. Kxd1 Ba6 16. Be3 Nd7 17. Rc1 Rfd8 18. Kc2 Nb6 19. b3 Nxd5 20. Bxc5 Rd7 21. Rhd1 Nf4 22. Ne4 Rc7 23. Bd6 Rxc4+ 24. bxc4 Nxg2 25.
Kd2 Nh4 26. Nc5 Bc8 27. Ke3 Bxh3 28. Bc7 Bg4 29. Rd8+ Rxd8 30. Bxd8 Bh6+ 31. f4 Ng2+ 32. Kf2 Nxf4 33. Rb1 Bf5 34. Rb8 Kg7 35. Be7 Nh3+ 36. Kg3 Bf4+ 37. Kf3 Bxb8 0-1

[Event "Late-Titled-Tuesday-Blitz-March-19-2024"]
[Site "Chess.com"]
[Date "2024.03.19"]
[Round "7"]
[White "Kimkibo"]
[Black "Truequitos"]
[Result "0-1"]
[WhiteElo "2294"]
[BlackElo "2558"]
[TimeControl "180+1"]
[EndTime "15:16:25 PDT"]
[Termination "Truequitos won by checkmate"]

1. d4 d5 2. Nf3 Nf6 3. Bf4 c5 4.
e3 Nc6 5. Nbd2 cxd4 6. exd4 Bg4 7. c3 e6 8. Bb5 Bd6 9. Bxc6+ bxc6 10. Bxd6 Qxd6 11.
b4 Ne4 12. Qc2 Bf5 13. Qa4 Nxc3 14. Qb3 Ne4 15. Nxe4 dxe4 16. Nd2 Qxd4 17. Rd1 Bg4 18. Rc1 Rd8 19. Qc3 O-O 20. h3 Bh5 21. g4 Bg6 22.
Nb3 Qd5 23. Qxc6 Qg5 24. Rc3 h5 25. Rg3 Rc8 26. Qa4 h4 27. Re3 Qd5 28. O-O f5 29. Qa5 f4 30. Ree1 Qd3 31. Kh2 Qf3 32. Nd4 Qd3 33. Nxe6 Rf6 34. Nc5 Qd6 35. f3 exf3 36.
Rxf3 Qd2+ 37. Kg1 Qxe1+ 38. Kg2 Qe2+ 39. Rf2 f3+ 40. Kg1 Qe1+ 41. Rf1 Qg3+ 42. Kh1 Qg2# 0-1

[Event "Late-Titled-Tuesday-Blitz-March-19-2024"]
[Site "Chess.com"]
[Date "2024.03.19"]
[Round "7"]
[White "Bugcrusher"]
[Black "EcosseKillie"]
[Result "1/2-1/2"]
[WhiteElo "2468"]
[BlackElo "2323"]
[TimeControl "180+1"]
[EndTime "15:16:25 PDT"]
[Termination "Game drawn by repetition"]

1. e4 Nf6 2. e5 Nd5 3. g3 d6 4. exd6 Qxd6 5. Bg2 c5 6. Nc3 Nxc3 7. bxc3 Nc6 8. Ne2 e5 9. O-O Be7 10. d4 exd4 11. cxd4 Nxd4 12. Nxd4 cxd4 13. Bf4 Qc5 14. Rb1 O-O 15. Bxb7 Bxb7 16. Rxb7 Bf6 17. Rc7 Qa3 18. Qh5 Qxa2 19. Bd6 Rfc8 20. Qf3 Qe6 21. Bf4 a5 22. Qb7 a4 23. Ra1 d3 24. Rxa4 Rab8 25. Rxc8+ Rxc8 26. cxd3 g5 27. Be3 Rd8 28. Re4 Qh3 29. d4 Qf5 30.
Qc6 Rb8 31. Re8+ Rxe8 32. Qxe8+ Kg7 33. Qc6 g4 34. Kg2 h5 35. Bf4 Qd3 36. Qd5 Qxd4 37. Qxh5 Qe4+ 38. Kg1 Qe1+ 39. Kg2 Qe4+ 40. Kf1 Qd3+ 41.
Kg1 Qd1+ 42. Kg2 Qf3+ 43. Kg1 Qd1+ 44. Kg2 Qf3+ 45. Kg1 Qd1+ 1/2-1/2

[Event "Late-Titled-Tuesday-Blitz-March-19-2024"]
[Site "Chess.com"]
[Date "2024.03.19"]
[Round "7"]
[White "AccioChess"]
[Black "Zq1"]
[Result "0-1"]
[WhiteElo "2488"]
[BlackElo "2630"]
[TimeControl "180+1"]
[EndTime "15:16:26 PDT"]
[Termination "Zq1 won on time"]

1. e4 c5 2. Nf3 d6 3. d4 cxd4 4. Nxd4 Nf6 5. Nc3 Nc6 6. Bg5 e6 7. f4 Be7 8. Qd2 O-O 9. O-O-O h6 10. Bxf6 Bxf6 11. Nxc6 bxc6 12. Bc4 d5 13. Bb3 a5 14. e5 Be7 15. Na4 Ba6 16. h4 c5 17.
c3 Bb5 18. Qf2 Qc7 19. c4 dxc4 20. Bc2 Bxa4 21. Bxa4 Rfd8 22. g4 Rxd1+ 23. Rxd1 Rd8 24. g5 Rxd1+ 25. Bxd1 hxg5 26. hxg5 g6 27. Qc2 c3 28. Qxc3 c4 29. Be2 Qb6 30. Qxc4 Qe3+ 31. Kc2 Bb4 32. a3 Be1 33. f5 gxf5 34. g6 Qxe5 35. gxf7+ Kxf7 36. Bh5+ Kf6 37. Bf3 Bf2 38. Qc8 Qc5+ 39. Qxc5 Bxc5 40. b4 axb4 41. axb4 Bxb4 42. Kd3 e5 43.
Bc6 Bd6 44. Ke3 Bc5+ 45. Kf3 Bd4 46. Ke2 e4 47. Bb7 Ke5 48. Ba6 f4 49. Kf1 f3 0-1

[Event "Late-Titled-Tuesday-Blitz-March-19-2024"]
[Site "Chess.com"]
[Date "2024.03.19"]
[Round "7"]
[White "ameetghasi100"]
[Black "VladimirKramnik"]
[Result "1-0"]
[WhiteElo "2804"]
[BlackElo "2989"]
[TimeControl "180+1"]
[EndTime "15:16:27 PDT"]
[Termination "ameetghasi100 won on time"]

1. Nf3 d5 2. g3 Nf6 3. Bg2 c5 4. O-O g6 5. d3 Bg7 6. Nbd2 O-O 7. e4 Nc6 8. c3 b6 9. Re1 dxe4 10. dxe4 Ng4 11. Nc4 Qxd1 12. Rxd1 Ba6 13. Bf1 Rad8 14. Bf4 Bb7 15. a4 h6 16. h3 Nf6 17. Re1 g5 18. Bc1 Nd7 19. a5 b5 20. a6 Ba8 21. Ne3 Nce5 22. Nh2 Bxe4 23. Bxb5 Nf6 24. Neg4 Nfxg4 25. Rxe4 Rd1+ 26. Nf1 Nf3+ 27. Kg2 Ne1+ 28. Rxe1 Rxe1 29. hxg4 Rd8 30. Ne3 e6 31. Nc2 Red1 32. Be2 R1d7 33. Be3 Rc7 34. Na3 Rb8 35. Nb5 Rc6 36. c4 Rcb6 37. Ra2 Rc6 38. Bf3 Rcb6 39. Bxc5 Rxb5 40.
cxb5 1-0

[Event "Late-Titled-Tuesday-Blitz-March-19-2024"]
[Site "Chess.com"]
[Date "2024.03.19"]
[Round "7"]
[White "manitodeplomo"]
[Black "Kampkatten"]
[Result "0-1"]
[WhiteElo "2661"]
[BlackElo "2848"]
[TimeControl "180+1"]
[EndTime "15:16:27 PDT"]
[Termination "Kampkatten won on time"]

1. d4 d5 2. c4 c6 3. Nf3 Nf6 4. Nc3 e6 5. Bg5 Nbd7 6. e3 Qa5 7.
Nd2 Bb4 8. Qc2 dxc4 9. Bxf6 Nxf6 10. Nxc4 Qc7 11. a3 Be7 12. Be2 O-O 13. O-O c5 14. dxc5 Bxc5 15. b4 Be7 16. Rac1 Bd7 17. Qb3 Rac8 18. b5 Nd5 19. a4 Rfd8 20. Ne4 Be8 21. g3 a6 22. b6 Qc6 23. a5 Qb5 24. Qa2 Nb4 25. Qb1 Bc6 26. Rfd1 Rxd1+ 27. Rxd1 Rf8 28. Bf1 Bd5 29. Nc3 Qc5 30. Nxd5 exd5 31. Ne5 Qxa5 32. Qf5 Qa4 33. Rd4 g6 34. Qd7 Qxd7 35. Nxd7 Rd8 36.
Ne5 Bc5 37. Rd2 Bxb6 38. Bg2 a5 39. Kf1 f6 40. Nf3 Kf7 41. Rb2 Bc5 0-1

[Event "Late-Titled-Tuesday-Blitz-March-19-2024"]
[Site "Chess.com"]
[Date "2024.03.19"]
[Round "7"]
[White "Cluke86"]
[Black "Cambek64"]
[Result "1/2-1/2"]
[WhiteElo "2327"]
[BlackElo "2483"]
[TimeControl "180+1"]
[EndTime "15:16:27 PDT"]
[Termination "Game drawn by repetition"]

1. e4 c5 2. Nc3 Nc6 3. f4 e6 4.
Nf3 a6 5. g3 b5 6. Bg2 Bb7 7.
O-O d5 8. exd5 exd5 9. Re1+ Be7 10. d4 c4 11. Ne5 Nf6 12. Ne2 O-O 13. c3 Ne4 14. Bxe4 dxe4 15. Be3 f6 16. Ng4 Qd7 17. Nf2 Nd8 18. a4 f5 19. b3 Bd5 20. b4 Nc6 21. a5 g6 22. Qc2 Kf7 23. Nd1 Rh8 24. Bf2 Rag8 25. h4 Bf6 26. Ne3 Ne7 27. Kf1 Ke8 28.
Ng1 h6 29. Nh3 g5 30. fxg5 hxg5 31. Nxg5 Bxg5 32. hxg5 Rxg5 33. Ke2 Kd8 34. Rh1 Rgh5 35. Rxh5 Rxh5 36. Rg1 Qe6 37. Qd1 Rh2 38. Rh1 Qh6 39. Rxh2 Qxh2 40. Qg1 Qxg1 41. Bxg1 Ke8 42. Ng2 Bf7 43.
Be3 Bh5+ 44. Kf2 Kf7 45. Bg5 Nd5 46. Bd2 Bg4 47. Ne3 Nf6 48. Ng2 Bf3 49. Nf4 Ng4+ 50.
Kg1 e3 51. Bxe3 Nxe3 52. Kf2 Nd1+ 53. Kxf3 Nxc3 54. Ke3 Na2 55. Nd5 Ke6 56. Nc7+ Kd6 57. Nxa6 Kc6 58. Kd2 Kb7 59. Nc5+ Kc6 60. Na6 Kb7 61.
Nc5+ Kc6 62. Na6 1/2-1/2

[Event "Late-Titled-Tuesday-Blitz-March-19-2024"]
[Site "Chess.com"]
[Date "2024.03.19"]
[Round "7"]
[White "cristiano78"]
[Black "Koalaskakistis"]
[Result "1-0"]
[WhiteElo "2257"]
[BlackElo "2466"]
[TimeControl "180+1"]
[EndTime "15:16:27 PDT"]
[Termination "cristiano78 won by checkmate"]

1. d4 Nf6 2. c4 g6 3. Nc3 Bg7 4.
e4 d6 5. Nf3 O-O 6. Be2 Nbd7 7.
O-O e5 8. d5 Ne8 9. Bg5 f6 10.
Bh4 h6 11. Nd2 g5 12. Bg3 a5 13. a3 Nc5 14. b4 axb4 15. axb4 Rxa1 16. Qxa1 Na6 17.
Qa3 f5 18. f3 f4 19. Bf2 Nf6 20. c5 g4 21. Nc4 dxc5 22. bxc5 Qe8 23. fxg4 Bxg4 24.
Bxg4 Nxg4 25. d6 cxd6 26. Nxd6 Qh5 27. h3 Nxf2 28. Rxf2 f3 29. Nf5 fxg2 30. Rxg2 Rf7 31. Qa2 Kf8 32. Qe6 Nc7 33. Qc8+ Ne8 34. Nd5 Qxh3 35.
Qe6 Qh5 36. Nde7 Qd1+ 37. Kf2 Qd2+ 38. Kg3 Qg5+ 39. Kh2 Qf4+ 40. Rg3 Qf2+ 41. Kh3 Qf1+ 42. Kh4 Bf6+ 43. Kh5 Qh1+ 44. Kg6 Qxe4 45. Kxh6 Qh4+ 46. Nxh4 Bxh4 47. Rg8# 1-0

[Event "Late-Titled-Tuesday-Blitz-March-19-2024"]
[Site "Chess.com"]
[Date "2024.03.19"]
[Round "7"]
[White "SoltaniciR"]
[Black "MightyMike_009"]
[Result "1-0"]
[WhiteElo "2662"]
[BlackElo "2759"]
[TimeControl "180+1"]
[EndTime "15:16:28 PDT"]
[Termination "SoltaniciR won by resignation"]

1. e4 e5 2. d4 exd4 3. Qxd4 Nc6 4.
Qe3 Nf6 5. Nc3 Bb4 6. Bd2 Qe7 7. O-O-O d6 8. f3 Bd7 9. g4 h6 10. h4 O-O-O 11. Bb5 a6 12. Ba4 Bc5 13. Qe1 Ne5 14. Bb3 Kb8 15. Qg3 Bc6 16. Nge2 Nxf3 17. Qxf3 Nxe4 18.
Nxe4 Bxe4 19. Qxf7 Qxf7 20. Bxf7 Bxh1 21. Rxh1 Rhf8 22.
Bg6 Rf2 23. Ng3 Rg2 24. Nf5 Rd7 25. g5 hxg5 26. hxg5 Ka7 27. c3 d5 28. Rh7 d4 29.
cxd4 Bf8 30. Be3 b6 31. Rh8 Bb4 32. a3 Bd6 33. Rg8 Re2 34. Kd1 Rxb2 35. Rxg7 Rxg7 36.
Nxg7 Rb3 37. Nf5 Rxa3 38. Bf7 Bf8 39. g6 a5 40. Bh6 Bxh6 41. Nxh6 Rg3 42. Nf5 Rg5 43.
g7 c5 44. d5 Kb7 45. g8=Q Rxg8 46. Bxg8 Kc7 47. d6+ Kd7 48. Bc4 b5 49. Bxb5+ Ke6 50. d7 1-0

[Event "Late-Titled-Tuesday-Blitz-March-19-2024"]
[Site "Chess.com"]
[Date "2024.03.19"]
[Round "7"]
[White "DamianoLew95"]
[Black "Kumi29"]
[Result "1-0"]
[WhiteElo "2740"]
[BlackElo "2579"]
[TimeControl "180+1"]
[EndTime "15:16:28 PDT"]
[Termination "DamianoLew95 won by resignation"]

1. g3 h5 2. h3 g6 3. Bg2 Bg7 4. d4 d6 5. Nc3 Nc6 6. Nf3 h4 7. gxh4 e5 8. dxe5 Nxe5 9. Bg5 Nxf3+ 10. Bxf3 f6 11. Be3 Rxh4 12. Qd3 Bf5 13. Qb5+ Kf8 14.
O-O-O Rxh3 15. Rxh3 Bxh3 16. Qxb7 Rb8 17. Qa6 Ne7 18. Bxa7 Rb4 19. a3 Rh4 20. Qb7 Bc8 21.
Qb8 f5 22. Be3 Qd7 23. Bg5 Rc4 24. Qb3 Ba6 25. Rh1 c6 26. Qb8+ Bc8 27. Bxe7+ Kxe7 28. Rh7 Kf7 29. Qb3 d5 30. e3 Kg8 31. Rh1 Ba6 32. Be2 Rxc3 33. Qb8+ Bc8 34. bxc3 Kf7 35.
Qb3 Qa7 36. Rd1 Be6 37. c4 dxc4 38. Bxc4 Bxc4 39. Qxc4+ Ke8 40. Qg8+ Ke7 41. Qxg7+ Ke6 42. Qxa7 1-0

[Event "Late-Titled-Tuesday-Blitz-March-19-2024"]
[Site "Chess.com"]
[Date "2024.03.19"]
[Round "7"]
[White "Navyblue1"]
[Black "Kavyev_Ruslan"]
[Result "0-1"]
[WhiteElo "2207"]
[BlackElo "2450"]
[TimeControl "180+1"]
[EndTime "15:16:31 PDT"]
[Termination "Kavyev_Ruslan won by resignation"]

1. d4 d5 2. c4 e6 3. Nc3 Nf6 4. cxd5 exd5 5. Bg5 c6 6. Qc2 g6 7. h3 Be7 8. Bh6 Bf5 9. Qd2 Nbd7 10. g4 Be6 11.
Bg2 Qc7 12. Bf4 Bd6 13. Bxd6 Qxd6 14. Nf3 h6 15. Rc1 Ne4 16. Nxe4 dxe4 17. Ne5 Nxe5 18. dxe5 Qxe5 19. Qc3 Qxc3+ 20. Rxc3 f5 21. gxf5 gxf5 22. f3 exf3 23. Bxf3 Ke7 24. Re3 Kf6 25. a3 Rad8 26.
Rg1 Rhg8 27. Rxg8 Bxg8 28. b4 Rd4 29. Kf2 Bf7 30. b5 cxb5 31. Bxb7 a5 32. Rc3 b4 33.
axb4 axb4 34. Rc6+ Kg5 35. Rb6 b3 36. Bf3 Rd2 37. Kg3 f4+ 38. Kg2 b2 39. Rb5+ Kf6 40. h4 Bg6 41. Rb6+ Ke5 42. Rb5+ Ke6 43. Rb6+ Ke7 44.
Rb7+ Kd6 45. Rb6+ Kc5 46. Rc6+ Kb5 47. Rxg6 b1=Q 48. Rf6 Qb4 49. Rf5+ Kb6 50. Rf6+ Kc7 51. Rxh6 Qe7 52. Rh5 Rxe2+ 53. Bxe2 Qxe2+ 54. Kh3 Qxh5 0-1

[Event "Late-Titled-Tuesday-Blitz-March-19-2024"]
[Site "Chess.com"]
[Date "2024.03.19"]
[Round "7"]
[White "Lion-Al-Messi"]
[Black "Korchmar_Vasiliy"]
[Result "0-1"]
[WhiteElo "2585"]
[BlackElo "2715"]
[TimeControl "180+1"]
[EndTime "15:16:32 PDT"]
[Termination "Korchmar_Vasiliy won by checkmate"]

1. e4 c5 2. Nf3 d6 3. d4 cxd4 4. Nxd4 Nf6 5. Nc3 Nc6 6. Bg5 Bd7 7. Qd2 a6 8. O-O-O e6 9. f4 Be7 10. Nf3 b5 11. Bxf6 gxf6 12. Bd3 Qb6 13. Kb1 O-O-O 14.
f5 Kb8 15. Rhe1 Rc8 16. g4 Ne5 17. Qf4 Rhg8 18. h3 Rc7 19. Ne2 Rgc8 20. Ned4 Nxd3 21. Rxd3 e5 22. Qe3 exd4 23. Nxd4 Kb7 24. Red1 d5 25. exd5 Bc5 26. c3 a5 27. Qf3 Ka7 28. Nb3 Bd6 29.
Nd2 Be5 30. Qe4 Rc5 31. Qe1 R8c7 32. Ne4 Rc4 33. Nd2 Rf4 34. Nb3 b4 35. d6 Rcc4 36.
cxb4 a4 37. Nd2 Rxb4 38. b3 axb3 39. Nxb3 Rf2 40. R3d2 Rxb3+ 41. axb3 Qxb3+ 42. Kc1 Qc3+ 43. Kb1 Qa1+ 44. Kc2 Qb2+ 45. Kd3 Qc3+ 46. Ke4 Qf3# 0-1